 Dungeon Crawl Stone Soup version 0.31-a0-1178-gc5c9b8f871 (webtiles) character file.

Game seed: 7233741473827648070

330 qw the Shooter (level 6, -5/40 HPs)
             Began as a Gargoyle Hunter on Dec 11, 2023.
             Slain by Robin
             ... wielding a +0 spear
              (7 damage)
             ... on level 3 of the Dungeon.
             The game lasted 00:00:59 (2095 turns).

qw the Shooter (Gargoyle Hunter)                    Turns: 2095, Time: 00:00:59

Health: -5/40      AC:  0    Str: 14    XL:     6   Next: 51%
Magic:  6/6        EV: 19    Int: 10    God:
Gold:   42         SH:  0    Dex: 20    Spells: 5/5 levels left

rFire   . . .        a - melded +0 shortbow
rCold   . . .        (shield currently unavailable)
rNeg    + . .        d - melded +0 ring mail
rPois   inf          (helmet currently unavailable)
rElec   .            (cloak currently unavailable)
rCorr   .            (gloves currently unavailable)
SInv    .            b - melded +2 pair of boots
Will    .....        (no amulet)
Stlth   ++           (ring currently unavailable)
HPRegen 0.26/turn    (ring currently unavailable)
MPRegen 0.10/turn

%: no passive effects
@: bat-form, flying, very quick
A: fast, flying, no casting, sickness immunity, AC +4, tiny, negative energy
resistance 1, (electricity resistance), torment resistance 1, petrification
resistance
a: no special abilities


You were on level 3 of the Dungeon.
You were a bat.
You visited 1 branch of the dungeon, and saw 3 of its levels.

You collected 107 gold pieces.
You spent 65 gold pieces at shops.


Innate Abilities, Weirdness & Mutations

You are a bat.
You are tiny and dextrous.
You move quickly.
You are flying.
Your equipment is almost entirely melded.
You are incapable of wielding weapons or throwing items.
You cannot cast spells.
You are immune to sickness and miasma.
((Your stone body is resilient. (AC +4)))
You are immune to poison.
You resist negative energy. (rN+)
((You are resistant to electric shocks. (rElec)))
You are resistant to unholy torment.
You are immune to petrification.


   Skills:
 - Level 5.2 Fighting
 + Level 6.0 Ranged Weapons
 - Level 1.1 Armour
 - Level 1.5 Dodging
 - Level 1.1 Stealth


You had 5 spell levels left.
You didn't know any spells.
Your spell library was empty.

Inventory:

Hand Weapons
 a - a +0 shortbow (melded)
Armour
 b - a +2 pair of boots (melded)
 d - a +0 ring mail (melded)
Wands
 c - a wand of polymorph (12)
Scrolls
 h - a scroll of identify
Potions
 e - a potion of might
 f - a potion of enlightenment
 g - a potion of invisibility {unknown}

Dungeon Overview and Level Annotations

Branches:
Dungeon (3/15)

Altars:

Shops:
D:3 *

Annotations:
D:3 Robin


Message History

Robin is severely wounded.
Robin zaps a wand.
You resist with some effort.
You shoot an arrow. The arrow hits Robin.
Robin is almost dead.
Robin throws the goblin at you! The goblin hits you but does no damage.
You shoot an arrow. The arrow barely misses the goblin.
Robin throws the goblin at you! The goblin hits you but does no damage.
A kobold comes into view. It is wielding a +0 short sword.
The goblin hits you but does no damage. The goblin hits you with a +0 dagger.
Robin roars a battlecry!
The goblins go into a battle-frenzy!
The kobold moves out of view.
You shoot an arrow.
The arrow hits the goblin but does no damage.
The goblin hits you but does no damage. Robin hits you but does no damage.
The goblin hits you but does no damage.
You shoot an arrow. The arrow hits the goblin.
The goblin is moderately wounded.
The goblin hits you but does no damage. Robin throws the goblin at you!
The goblin hits you but does no damage.
You shoot an arrow. The arrow barely misses the goblin.
The goblin hits you but does no damage. Robin hits you but does no damage.
The goblin barely misses you. The goblin hits you but does no damage.
You shoot an arrow. The arrow barely misses the goblin.
The goblin hits you but does no damage. Robin barely misses you.
The goblin closely misses you. x2
You shoot an arrow. The arrow closely misses the goblin.
The goblin closely misses you.
Robin zaps a wand.
You turn into a bat.
Your +0 shortbow melds into your body.
Your +2 pair of boots melds into your body.
Your +0 ring mail melds into your body.
The goblin closely misses you. x2
The goblin barely misses you. The goblin closely misses you. Robin misses you.
The goblin hits you with a +0 club.
2092 ||| FLEEEEING.
Robin hits you with a +0 spear. The goblin completely misses you.
The goblin hits you with a +0 dagger. Robin hits you with a +0 spear!
The goblin barely misses you. The goblin closely misses you.
Robin hits you with a +0 spear!
You die...
Robin lets out a smug laugh.

[# ##.## #...#
#####...## #
..#.....#
#.####.#.....#
#.#....##'''#
#.....ggg...#
#.#.##b######
#....g.#
#.#<...#### #
#.....%.#######
##.#.##.##.#.....#
........##.#.....#
....#...[........#
..#.).#.##.#.....#
####.......#.....#


You could see Robin and 3 goblins.

Vanquished Creatures
  Grinder (D:3)
  A sleepcap (D:3)
  6 adders
  2 worms (D:2)
  A dart slug (D:3)
  An orc (D:3)
  6 ball pythons
  4 bats
  5 endoplasms
  2 giant cockroaches (D:1)
  16 goblins
  5 hobgoblins
  4 jackals (D:1)
  2 quokkas
  4 frilled lizards
  4 rats
64 creatures vanquished.

Notes
Turn   | Place    | Note
-------+----------+-------------------------------------------
     0 | D:1      | qw the Gargoyle Hunter began the quest for the Orb.
     0 | D:1      | Reached XP level 1. HP: 12/12 MP: 1/1
     0 | D:1      | 0 ||| qw: Version: 0.3-a-106-g2cfff9e
     0 | D:1      | 0 ||| qw: Game counter: 2013
     0 | D:1      | 0 ||| qw: Melee chars always use a shield: true
     0 | D:1      | 0 ||| qw: God list: Okawaru
     0 | D:1      | 0 ||| qw: Allow faded altars: false
     0 | D:1      | 0 ||| qw: Do Orc after clearing Dungeon:15 true
     0 | D:1      | 0 ||| qw: Do second Lair branch before Depths: true
     0 | D:1      | 0 ||| qw: Lair rune preference: random
     0 | D:1      | 0 ||| qw: Goals: Normal, Save, Zot:1-4, Win
     0 | D:1      | 0 ||| PLANNING D:1-11
   276 | D:1      | Reached XP level 2. HP: 17/17 MP: 2/2
   648 | D:1      | Reached XP level 3. HP: 21/21 MP: 3/3
   708 | D:1      | Reached skill level 5 in Ranged Weapons
   899 | D:1      | 899 ||| UPGRADING to +0 ring mail.
   909 | D:1      | 909 ||| DROPPING +0 leather armour.
   910 | D:1      | 910 ||| READING scroll labelled SAUSOME RUOZXU.
   915 | D:1      | 915 ||| READING 2 scrolls labelled NOTYRY PUUX.
   916 | D:1      | 916 ||| READING scroll labelled XOEDUR XUCH.
  1017 | D:1      | 1017 ||| DROPPING scroll of butterflies.
  1018 | D:1      | 1018 ||| DROPPING scroll of blinking.
  1147 | D:2      | Reached skill level 1 in Armour
  1256 | D:2      | Reached skill level 3 in Fighting
  1256 | D:2      | Reached XP level 4. HP: 28/28 MP: 4/4
  1734 | D:2      | 1734 ||| UPGRADING to +0 pair of boots.
  1739 | D:2      | 1739 ||| READING 2 scrolls labelled IRYREA AHESA.
  1740 | D:2      | 1740 ||| READING scroll labelled MIUMARR QULOK.
  1740 | D:2      | 1740 ||| ENCHANTING +0 pair of boots.
  1741 | D:2      | 1741 ||| READING scroll labelled RINIEM PUCEIF.
  1741 | D:2      | 1741 ||| IDENTIFYING orange potion
  1742 | D:2      | 1742 ||| DRINKING 2 smoky sapphire potions.
  1743 | D:2      | 1743 ||| DROPPING scroll of noise.
  1784 | D:3      | Noticed Robin
  1812 | D:3      | HP: 5/28 [goblin/+0 dagger[Robin] (5)]
  1813 | D:3      | 1813 ||| READING scroll of teleportation.
  1814 | D:3      | 1814 ||| DRINKING potion of heal wounds.
  1815 | D:3      | Found Kyis's General Store.
  1866 | D:3      | 1866 ||| BUYING potion of enlightenment (65 gold).
  1866 | D:3      | Bought a potion of enlightenment for 65 gold pieces
  1866 | D:3      | 1866 ||| SHOPLISTING scroll of identify (26 gold, have 16).
  1866 | D:3      | 1866 ||| SHOPLISTING wand of mindburst (21) (382 gold, have
                  | 16).
  1942 | D:3      | 1942 ||| READING scroll of enchant armour.
  1942 | D:3      | 1942 ||| ENCHANTING +1 pair of boots.
  1970 | D:3      | Reached XP level 5. HP: 32/32 MP: 5/5
  1987 | D:3      | Noticed Grinder
  1988 | D:3      | 1988 ||| Stepping ~*~*~tactically~*~*~ (retreating).
  1988 | D:3      | Paralysed by Grinder for 5 turns
  1994 | D:3      | 1994 ||| Stepping ~*~*~tactically~*~*~ (retreating).
  2003 | D:3      | Reached skill level 6 in Ranged Weapons
  2009 | D:3      | Paralysed by Grinder for 3 turns
  2024 | D:3      | Paralysed by Grinder for 3 turns
  2039 | D:3      | HP: 6/32 [Grinder/nerve-wracking pain (6)]
  2043 | D:3      | Killed Grinder
  2044 | D:3      | Reached XP level 6. HP: 9/40 MP: 6/6
  2092 | D:3      | 2092 ||| FLEEEEING.
  2093 | D:3      | HP: 9/40 [Robin/+0 spear (2)]
  2094 | D:3      | HP: 2/40 [Robin/+0 spear (7)]
  2095 | D:3      | Slain by Robin

Levels and vault maps discovered:
D:1:      evilmike_arrival_rings, layout_loops_corners
D:2:      layout_loops_ring, minmay_misc_feat_nine_boxes, st_stairs_13
D:3:      layout_loops_cross, serial_shops, shop, nicolae_book_shop_shelving,
          nicolae_shop_rolling_square, hellmonk_no_cap, uniq_ijyb, uniq_robin,
          uniq_grinder

Skill      XL: |  1  2  3  4  5 |
---------------+----------------+-----
Ranged Weapons | 5 6 |  6.0
Armour         | 1 |  1.1
Fighting       | 3 5 |  5.2
Dodging        | |  1.5
Stealth        | |  1.1

Action                     |  1- 3 |  4- 6 || total
---------------------------+-------+-------++-------
   Fire: Shortbow          |    97 |   163 ||   260
    Use: Scroll            |     3 |     5 ||     8
         Potion            |       |     2 ||     2
 Armour: Leather armour    |     6 |       ||     6
         Ring mail         |    11 |   108 ||   119
         Skin              |       |     5 ||     5
  Dodge: Dodged            |    15 |    78 ||    93

Table legend:
 A = Non-vault XP
 B = Vault XP
 C = Vault XP percentage of total XP
 D = Non-vault monster count
 E = Vault monster count
 F = Vault count percentage of total count
                 A         B        C        D         E       F
            +---------+---------+-------+---------+---------+-------
      Total |     160 |     312 |  66.1 |      52 |      12 |  18.8
            +---------+---------+-------+---------+---------+-------
        D:1 |      47 |       0 |   0.0 |      26 |       0 |   0.0
        D:2 |      67 |      14 |  17.3 |      15 |       1 |   6.2
        D:3 |      46 |     298 |  86.6 |      11 |      11 |  50.0
            +---------+---------+-------+---------+---------+-------
